 Dungeon Crawl Stone Soup version 0.21.1-1-g345015fe64 (webtiles) character file.

920 Norri the Cleaver (level 7, -2/64 HPs)
             Began as a Minotaur Monk on Apr 1, 2018.
             Slain by Grinder (8 damage)
             ... on level 5 of the Dungeon.
             The game lasted 00:22:35 (4112 turns).

Norri the Cleaver (Minotaur Monk)                   Turns: 4112, Time: 00:22:35

Health: -2/64      AC: 11    Str: 22    XL:     7   Next: 83%
Magic:  6/6        EV: 12    Int:  7    God:
Gold:   261        SH:  0    Dex: 13    Spells: 6/6 levels left

rFire    . . .     SeeInvis .   a - +0 hand axe
rCold    . . .     Gourm    .   (no shield)
rNeg     . . .     Faith    .   n - +0 chain mail
rPois    .         Spirit   .   (helmet restricted)
rElec    .         Reflect  .   (no cloak)
rCorr    .         Harm     +   (no gloves)
MR       .....                  i - +0 pair of boots
Stlth    ..........             m - amulet of harm
HPRegen  0.20/turn              h - +3 ring of evasion
MPRegen  0.10/turn              (no ring)

@: mighty
A: retaliatory headbutt, horns 2
a: no special abilities


You were on level 5 of the Dungeon.
You were hungry.

You visited 1 branch of the dungeon, and saw 5 of its levels.
You also visited: Sewer.

You collected 261 gold pieces.

Inventory:

Hand Weapons
 a - a +0 hand axe (weapon)
Armour
 i - a +0 pair of boots (worn)
 n - a +0 chain mail (worn)
Jewellery
 h - a +3 ring of evasion (left hand)
 m - an amulet of harm (around neck)
Scrolls
 g - a scroll of enchant armour {unknown}
 k - 2 scrolls of teleportation
 l - a scroll of immolation {unknown}
 o - 3 scrolls of remove curse
 p - 2 scrolls of amnesia {unknown}
 u - a scroll of fog
Potions
 b - a potion of haste
 d - a potion of agility
 e - a potion of degeneration
 j - 2 potions of curing
 v - 3 potions of invisibility {unknown}
Books
 q - a book of Maledictions

   Spells                             Type                      Level
   a - Corona                         Hexes                        1
   b - Ensorcelled Hibernation        Hexes/Ice                    2
   c - Confuse                        Hexes                        3
   d - Tukima's Dance                 Hexes                        3
   e - Dazzling Spray                 Conjuration/Hexes            3
 w - a book of Cantrips

   Spells                             Type                      Level
   a - Confusing Touch                Hexes                        1
   b - Animate Skeleton               Necromancy                   1
   c - Summon Small Mammal            Summoning                    1
   d - Apportation                    Translocation                1
Comestibles
 c - 10 rations


   Skills:
 + Level 6.5 Fighting
 * Level 8.4 Axes
 + Level 5.1 Armour
 - Level 3.2 Dodging
 - Level 1.5 Stealth


You had 6 spell levels left.
You didn't know any spells.

Dungeon Overview and Level Annotations

Branches:
Dungeon (5/15)
 Temple: D:4-7

Altars:
Dithmenos
Zin

Annotations:
D:5 Grinder


Innate Abilities, Weirdness & Mutations

You reflexively headbutt those who attack you in melee.
You have a pair of horns on your head.


Message History

You can move again.
Unknown command.
Unknown command.
Grinder blinks!
There is an open door here.
There is an open door here.
Grinder gestures at you.
You struggle to resist.
Level annotation: Grinder Welcome back, Norri the Minotaur Monk.
Press ? for a list of commands and other information.
It was a potion of might.
You feel very mighty all of a sudden.
Grinder blinks!
Grinder completely misses you.
You are feeling hungry.
You slash Grinder!
Grinder is almost dead.
Grinder completely misses you. Grinder hits you!
You die...

,,,#....#........#...........'...
,,,#....'........'...........#...
,,,#....#........#...........#...
,,,#....#).......#...........#...
,,,##...#........#...........#...
,,,*#...#...>....#########...#...
,,,*#'###................#...##..
,,,,#>..#........5.......#...##..
,,,,#...#.......@........#....#..
,,,,#...#########........#....#..
,,,*#...##......#........#....#..
,,,*######......#........#....#..
,,,,,,,,>#.....[#........#....#..
,,,,,,,,,#......#........#....#..
,,,,<,,,,#.5....#........########
,*****,,*#......##'####..........
,*****,,*#.....ยง.'....+..........


You could see Grinder.

Vanquished Creatures
  The ghost of Balth the Vexing, an amateur GnAM of Nemelex Xobeh (D:3)
  Edmund (D:4)
  A phantom (D:4)
  An ogre (D:5)
  A crocodile (Sewer)
  A hound (D:4)
  Jessica (D:2)
  An iguana (D:5)
  3 worker ants
  3 gnolls (D:2)
  3 adders
  2 river rats (D:5)
  4 worms
  6 dart slugs
  A leopard gecko (D:4)
  6 orcs
  3 giant cockroaches
  3 goblins
  4 hobgoblins
  17 jackals
  11 kobolds
  3 quokkas (D:4)
  12 bats
  13 frilled lizards
  A leopard gecko skeleton (D:4)
  10 rats
113 creatures vanquished.

Notes
Turn   | Place    | Note
-------+----------+-------------------------------------------
     0 | D:1      | Norri the Minotaur Monk began the quest for the Orb.
     0 | D:1      | Reached XP level 1. HP: 19/19 MP: 0/0
    51 | D:1      | Reached skill level 4 in Axes
    56 | D:1      | Reached XP level 2. HP: 18/27 MP: 1/1
    59 | D:1      | Reached skill level 1 in Armour
   220 | D:1      | Reached XP level 3. HP: 28/33 MP: 2/2
  1129 | D:2      | Reached skill level 5 in Axes
  1129 | D:2      | Reached XP level 4. HP: 32/40 MP: 3/3
  1290 | D:2      | Noticed Jessica
  1300 | D:2      | Killed Jessica
  1459 | D:3      | Reached XP level 5. HP: 42/47 MP: 4/4
  1533 | D:3      | Found a shadowy altar of Dithmenos.
  1598 | D:3      | Noticed Balth's ghost (amateur GnAM)
  2029 | D:3      | Killed Balth's ghost
  2029 | D:3      | Reached skill level 5 in Fighting
  2029 | D:3      | Reached skill level 6 in Axes
  2029 | D:3      | Reached XP level 6. HP: 37/56 MP: 5/5
  2144 | D:3      | Found a glowing silver altar of Zin.
  2351 | D:4      | Noticed Edmund
  2389 | D:4      | HP: 2/56 [Edmund/flail of protection (5)]
  2418 | D:4      | Killed Edmund
  2418 | D:4      | Reached skill level 7 in Axes
  2757 | D:4      | Reached XP level 7. HP: 62/62 MP: 6/6
  3332 | D:5      | Entered Level 5 of the Dungeon
  3423 | D:5      | Found a glowing drain.
  3456 | Sewer    | Entered a sewer
  3682 | Sewer    | Reached skill level 8 in Axes
  3752 | D:5      | Reached skill level 5 in Armour
  4082 | D:5      | Noticed Grinder
  4083 | D:5      | Paralysed by Grinder for 5 turns
  4092 | D:5      | Paralysed by Grinder for 6 turns
  4098 | D:5      | HP: 3/64 [Grinder (4)]
  4112 | D:5      | Slain by Grinder

Skill      XL: |  1  2  3  4  5  6  7 |
---------------+----------------------+-----
Axes           | 4 5 6 7 8 |  8.4
Armour         | 1 2 3 4 5 |  5.1
Fighting       | 4 5 6 |  6.5
Dodging        | |  3.2
Stealth        | |  1.5

Action                   |  1- 3 |  4- 6 |  7- 9 || total
-------------------------+-------+-------+-------++-------
Melee: Hand axe          |    73 |   165 |   100 ||   338
       Headbutt          |     9 |    28 |    25 ||    62
  Use: Scroll            |       |     4 |     4 ||     8
       Potion            |       |     4 |     1 ||     5
 Stab: Sleeping          |     4 |     1 |       ||     5
  Eat: Chunk             |     1 |     4 |     5 ||    10
Armor: Robe              |     7 |       |       ||     7
       Ring mail         |    13 |    29 |     2 ||    44
       Skin              |       |    11 |       ||    11
       Chain mail        |       |       |    37 ||    37
Dodge: Dodged            |    58 |    82 |    45 ||   185
